Map: Apotheosis LE

Players

Fropez

  • Race: Protoss Protoss
  • League: Gold
  • Spawn Location: 5:00

MightyBeast - Winner!

  • Race: Protoss Protoss
  • League: Gold
  • Spawn Location: 11:00

VOD

Have the link to the VOD?

Description

Time

  • Played on: Aug. 20, 2016, 9:50 a.m.
  • Length: 3:11
Show
View Real Time Build Order
Export as new Build Order

Fropez Protoss 

Build Orders:  

Get SALT Encoding   

  12  0:02  Probe (Chrono Boost)  
  13  0:15  Pylon  
  13  0:17  Probe (Chrono Boost)  
  14  0:28  Probe (Chrono Boost)  
  15  0:34  Gateway  
  15  0:41  Probe (Chrono Boost)  
  16  0:53  Probe (Chrono Boost)  
  16  0:54  Pylon  
  17  0:59  Assimilator  
  17  1:09  Pylon  
  17  1:14  Probe (Chrono Boost)  
  18  1:19  Gateway  
  18  1:32  Probe (Chrono Boost), Cybernetics Core  
  19  1:33  Assimilator  
  20  1:47  Probe (Chrono Boost)  
  20  1:57  Probe (Chrono Boost)  
  21  2:06  Gateway x2  
  21  2:14  Pylon  
  20  2:17  Pylon  
  20  2:22  Mothership Core (Chrono Boost)  
Show
View Real Time Build Order
Export as new Build Order

MightyBeast Protoss - Winner!

Build Orders: Cannon Rush 

Get SALT Encoding   

  12  0:01  Probe (Chrono Boost)  
  13  0:12  Probe (Chrono Boost)  
  14  0:18  Pylon  
  14  0:24  Probe (Chrono Boost)  
  15  0:36  Probe (Chrono Boost)  
  15  0:39  Forge  
  16  0:47  Probe (Chrono Boost)  
  17  0:57  Probe (Chrono Boost)  
  18  1:10  Pylon  
  18  1:33  Photon Cannon  
  18  1:35  Photon Cannon  
  18  1:40  Pylon  
  18  1:59  Photon Cannon  
  18  2:00  Photon Cannon  
  18  2:03  Pylon  
  18  2:25  Photon Cannon  
  18  2:26  Photon Cannon  
  18  2:32  Photon Cannon  
  18  2:35  Pylon  
  18  3:03  Photon Cannon  
  18  3:04  Photon Cannon  
Tags
 
League
GoldGold
Matchup
PvP
Replay Pack
All Mines
Spawn Locations
Cross Positions
Add a new tag
Caveats
  • Supply blocks, unpowered buildings, or Contaminate may cause inaccurate times.
  • Supply counts are checked every 10 seconds.